 Dungeon Crawl Stone Soup version 0.21.1-1-g345015f (webtiles) character file.

5040 sankara the Carver (level 10, -1/64 HPs)
             Began as a Halfling Fighter on Feb 17, 2018.
             Was an Initiate of Gozag.
             Killed from afar by a hell hound (18 damage)
             ... with a blast of flame
             ... on level 9 of the Dungeon.
             The game lasted 00:36:46 (8687 turns).

sankara the Carver (Halfling Fighter)               Turns: 8687, Time: 00:36:47

Health: -1/64      AC: 13    Str: 20    XL:     10   Next: 85%
Magic:  10/10      EV: 15    Int:  6    God:    Gozag
Gold:   1198       SH: 11    Dex: 18    Spells: 9/9 levels left

rFire    . . .     SeeInvis .   a - +0 long sword
rCold    . . .     Gourm    .   B - +0 shield
rNeg     . . .     Faith    .   z - +0 scale mail
rPois    .         Spirit   .   v - +1 helmet
rElec    .         Reflect  .   w - +0 cloak
rCorr    .         Harm     .   y - +0 pair of gloves
MR       .....                  p - +0 pair of boots
Stlth    ++........             (no amulet)
HPRegen  0.20/turn              m - +3 ring of dexterity
MPRegen  0.12/turn              D - ring of stealth

@: no status effects
A: small, mutation resistance 1
a: Potion Petition, Call Merchant, Bribe Branch, Renounce Religion


You were on level 9 of the Dungeon.
You worshipped Gozag.
Gozag was most pleased with you.
You were not hungry.

You visited 2 branches of the dungeon, and saw 10 of its levels.

You collected 1245 gold pieces.
You paid 47 gold pieces to Gozag.

Inventory:

Hand Weapons
 a - a +0 long sword (weapon)
 b - a +0 hunting sling
 c - a +1 dagger of venom
 A - a +0 blowgun
 K - a +2 vampiric long sword
Missiles
 e - 245 stones
 g - 33 poisoned needles
 l - a throwing net
 n - 9 needles of confusion
 s - 25 sling bullets
 x - 4 tomahawks (quivered)
Armour
 p - a +0 pair of boots (worn)
 v - a +1 helmet (worn)
 w - a +0 cloak (worn)
 y - a +0 pair of gloves (worn)
 z - a +0 scale mail (worn)
 B - a +0 shield (worn)
Jewellery
 m - a +3 ring of dexterity (left hand)
 D - a ring of stealth (right hand)
 E - an uncursed ring of protection from cold
 F - a +1 ring of evasion
Wands
 i - a wand of digging (19)
 C - a wand of polymorph (10)
 H - a wand of enslavement (12)
 J - a wand of acid (11)
 O - a wand of scattershot (6)
Scrolls
 h - 2 scrolls of magic mapping
 j - 6 scrolls of teleportation
 k - 9 scrolls of identify
 q - a scroll of random uselessness {unknown}
 I - 3 scrolls of fear
 L - a scroll of blinking
Potions
 d - 5 potions of might
 o - a potion of heal wounds
 r - 2 potions of flight
 t - a potion of resistance
 u - 2 potions of brilliance
 G - 2 potions of invisibility
 M - a potion of berserk rage {unknown}
 N - 2 potions of cancellation {unknown}
Comestibles
 f - 14 rations


   Skills:
 + Level 4.3 Fighting
 * Level 9.8 Long Blades
 + Level 9.1 Slings
 + Level 5.1 Armour
 + Level 7.1 Dodging
 + Level 3.8 Stealth
 - Level 5.6 Shields


You had 9 spell levels left.
You didn't know any spells.

Dungeon Overview and Level Annotations

Branches:
Dungeon (9/15)             Temple (1/1) D:4            Lair (0/6) D:9
    Orc: D:9-12

Altars:
Ashenzari
Cheibriados
Dithmenos
Elyvilon
Fedhas
Gozag
Hepliaklqana
Kikubaaqudgha
Makhleb
Nemelex Xobeh
Okawaru
Qazlal
Ru
Sif Muna
Trog
Uskayaw
Vehumet
Wu Jian
Xom
Yredelemnul
Zin
The Shining One
Beogh


Innate Abilities, Weirdness & Mutations

You are small and have problems with some larger weapons.
You are somewhat resistant to further mutation.


Message History

The hell hound barks!
You hit the hell hound but do no damage.
The hell hound barely misses you.
You riposte.
You slash the hell hound!
The hell hound is moderately wounded.
You closely miss the hell hound.
The hell hound is moderately wounded.
The hell hound bites you but does no damage.
The hell hound closely misses you.
You closely miss the hell hound.
The hell hound is moderately wounded.
The hell hound bites you but does no damage.
The hell hound breathes flames at you.
The blast of flame hits the hell hound.
The hell hound completely resists.
The blast of flame misses you.
You hit the hell hound but do no damage.
The hell hound is moderately wounded.
The hell hound breathes flames at you. The blast of flame hits you!
You die...
Your body crumbles into a pile of gold.

≈≈§≈. #..#
§≈..≈≈..##..#
≈≈.>.≈≈.###.#
≈≈≈≈.≈≈.# #.#
#
.≈≈≈≈.≈.###.#
.
..≈≈≈......#
. .....h....#
. ####.h....#
. #.@..#.# #
#..###.# ##
#### #.. .#
#..# . #.# .
.


You could see 2 hell hounds.

Vanquished Creatures
  A two-headed ogre (D:7)
  An ugly thing (D:9)
  3 hogs (D:8)
  A yak (D:8)
  A human (D:8)
  The ghost of Filip the Digger, an amateur DrEE (D:4)
  2 sky beasts
  3 orc warriors
  3 phantoms
  2 ice beasts
  3 ogres
  2 centaurs (D:5)
  3 bullfrogs
  A big kobold (D:8)
  A water moccasin zombie (D:5)
  A water moccasin skeleton (D:7)
  3 scorpions
  2 howler monkeys
  2 crimson imps
  5 orc priests
  2 hounds (D:5)
  A jelly (D:8)
  12 orc wizards
  A centaur skeleton (D:8)
  Jessica (D:3)
  2 iguanas
  8 worker ants
  2 killer bee zombies
  A howler monkey zombie (D:5)
  8 gnolls
  10 adders
  An ooze (D:4)
  An adder skeleton (D:6)
  3 worms
  3 dart slugs
  7 leopard geckos
  22 orcs
  5 bats (D:3)
  8 giant cockroaches
  6 goblins
  7 hobgoblins
  13 jackals
  13 kobolds
  4 quokkas
  5 ball pythons
  9 frilled lizards
  A leopard gecko skeleton (D:6)
  A quokka zombie (D:5)
  7 rats
205 creatures vanquished.

Notes
Turn   | Place    | Note
-------+----------+-------------------------------------------
     0 | D:1      | sankara the Halfling Fighter began the quest for the Orb.
     0 | D:1      | Reached XP level 1. HP: 15/15 MP: 1/1
   132 | D:1      | Reached XP level 2. HP: 13/20 MP: 2/2
   683 | D:1      | Reached XP level 3. HP: 25/25 MP: 3/3
   834 | D:1      | Reached skill level 1 in Dodging
   982 | D:2      | Reached XP level 4. HP: 24/30 MP: 4/4
  1771 | D:3      | Reached XP level 5. HP: 22/36 MP: 5/5
  2019 | D:3      | Reached skill level 1 in Slings
  2599 | D:3      | You fall through a shaft!
  2731 | D:3      | Found a roughly hewn altar of Beogh.
  2744 | D:3      | Reached XP level 6. HP: 42/42 MP: 6/6
  3032 | D:3      | Noticed Jessica
  3042 | D:3      | Killed Jessica
  3354 | D:4      | Reached XP level 7. HP: 43/46 MP: 7/7
  3529 | D:4      | Found a staircase to the Ecumenical Temple.
  3550 | Temple   | Entered the Ecumenical Temple
  3635 | Temple   | Became a worshipper of Gozag Ym Sagoz the Greedy
  3899 | D:4      | Reached skill level 5 in Long Blades
  3922 | D:4      | Noticed Filip's ghost (amateur DrEE)
  3959 | D:4      | Killed Filip's ghost
  3959 | D:4      | Reached skill level 5 in Shields
  4037 | D:4      | Reached XP level 8. HP: 52/52 MP: 8/8
  4233 | D:5      | Entered Level 5 of the Dungeon
  4567 | D:5      | Reached skill level 5 in Slings
  4969 | D:5      | Reached XP level 9. HP: 56/56 MP: 9/9
  5044 | D:5      | Reached skill level 5 in Dodging
  7478 | D:8      | Noticed a two-headed ogre
  7491 | D:7      | Reached skill level 1 in Stealth
  7554 | D:7      | Killed a two-headed ogre
  7554 | D:7      | Reached XP level 10. HP: 63/63 MP: 10/10
  7890 | D:8      | Reached skill level 5 in Armour
  8093 | D:8      | Found a sacrificial altar of Ru.
  8505 | D:9      | Noticed a red ugly thing
  8629 | D:9      | Killed a red ugly thing
  8674 | D:9      | Found a staircase to the Lair.
  8687 | D:9      | Killed from afar by a hell hound

Skill      XL: |  1  2  3  4  5  6  7  8  9 10 |
---------------+-------------------------------+-----
Dodging        | 1 2 3 4 6 7 |  7.1
Long Blades    | 3 4 5 7 9 |  9.8
Fighting       | 3 4 |  4.3
Slings         | 1 3 4 6 8 9 |  9.1
Armour         | 4 5 |  5.1
Shields        | 4 5 |  5.6
Stealth        | 2 3 |  3.8

Action                   |  1- 3 |  4- 6 |  7- 9 | 10-12 || total
-------------------------+-------+-------+-------+-------++-------
Melee: Long sword        |    74 |    86 |   421 |   144 ||   725
       Dagger            |       |   142 |    36 |       ||   178
       Hunting sling     |       |       |     1 |       ||     1
 Fire: Hunting sling     |       |    14 |   138 |    42 ||   194
Throw: Throwing net      |       |     2 |       |       ||     2
       Tomahawk          |       |     1 |       |       ||     1
Invok: Potion Petition   |       |       |     1 |       ||     1
  Use: Potion            |       |     3 |     7 |     1 ||    11
       Scroll            |       |       |    13 |       ||    13
 Stab: Distracted        |       |       |     2 |       ||     2
  Eat: Chunk             |       |     8 |     2 |       ||    10
       Ration            |       |       |     4 |     1 ||     5
Armor: Scale mail        |    33 |    98 |   130 |    27 ||   288
       Skin              |       |       |    17 |       ||    17
Dodge: Dodged            |    34 |    98 |   222 |    57 ||   411
Block: Shield            |    51 |   126 |   231 |    57 ||   465
       Rpst.: Long sword |    10 |    20 |    68 |    17 ||   115
